 Dungeon Crawl Stone Soup version 0.29.1-1-gd02db6906a (webtiles) character file.

Game seed: 15714233467305706685

3103 funnyparkerb the Thaumaturge (level 10, -1/76 HPs)
             Began as a Djinni Fire Elementalist on Oct 17, 2022.
             Was an Initiate of Ashenzari.
             Slain by a two-headed ogre
             ... wielding a +0 giant club
              (28 damage)
             ... on level 8 of the Dungeon.
             The game lasted 00:13:54 (9376 turns).

funnyparkerb the Thaumaturge (DjFE)                 Turns: 9376, Time: 00:13:55

Health: -1/76      AC:  6    Str:  7    XL:     10   Next: 13%
Gold:   439        EV: 12    Int: 21    God:    Ashenzari [......] SH:  3 Dex: 14

rFire   + + .      SeeInvis .   c - +2 dagger (venom)
rCold   x . .      Faith    .   p - +0 buckler
rNeg    . . .      Spirit   .   a - +0 robe
rPois   ∞          Reflect  .   y - +2 hat
rElec   .          Harm     .   A - +1 cloak
rCorr   .          Rampage  .   (no gloves)
Will    +....                   (boots unavailable)
Stlth   ++........              (no amulet)
HPRegen 0.22/turn               z - ring of wizardry
MPRegen 0.00/turn               C - ring of wizardry

@: flying
A: sickness immunity, fire resistance 2, cold vulnerability 1, float, innate
caster, HP casting, extra vitality 1
a: Renounce Religion, Curse Item


You were on level 8 of the Dungeon.
You worshipped Ashenzari.
Ashenzari was noncommittal.
You visited 2 branches of the dungeon, and saw 9 of its levels.

You collected 439 gold pieces.

Inventory:

Hand Weapons
 c - a +2 dagger of venom (weapon)
Missiles
 s - 2 throwing nets
Armour
 a - a +0 robe (worn)
 p - a +0 buckler (worn)
 y - a +2 hat (worn)
 A - a +1 cloak (worn)
Jewellery
 z - a ring of wizardry (left hand)
 C - a ring of wizardry (right hand)
Wands
 g - a wand of flame (25)
 u - a wand of charming (8)
 x - a wand of acid (24)
 B - a wand of iceblast (15)
Scrolls
 d - 2 scrolls of enchant armour {unknown}
 e - a scroll of blinking {unknown}
 f - 2 scrolls of amnesia {unknown}
 h - a scroll of vulnerability {unknown}
 j - 4 scrolls of teleportation {unknown}
 l - 2 scrolls of butterflies {unknown}
 n - a scroll of noise {unknown}
 q - 2 scrolls of enchant weapon {unknown}
 t - 3 scrolls of fear {unknown}
Potions
 b - 2 potions of might
 i - 2 potions of cancellation
 k - 2 potions of flight
 m - 5 potions of curing {unknown}
 o - a potion of magic
 r - 3 potions of mutation
 v - a potion of lignification
 w - a potion of heal wounds


   Skills:
 + Level 7.7 Fighting
 - Level 2.1 Dodging
 - Level 1.5 Stealth
 * Level 8.9 Spellcasting


You had 4 spell levels left.
You knew the following spells:

 Your Spells              Type           Power      Damage    Failure   Level
a - Foxfire               Conj/Fire      100%       2x1d9     1%          1
b - Scorch                Fire           92%        2d10      1%          2
c - Conjure Flame         Conj/Fire      46%        6-21      1%          3
d - Inner Flame           Hex/Fire       46%        N/A       1%          3
e - Flame Wave            Conj/Fire      46%        2d12      1%          4
f - Apportation           Tloc           92%        N/A       1%          1
g - Searing Ray           Conj           92%        2d7       1%          2
h - Blink                 Tloc           92%        N/A       1%          2
i - Animate Dead          Necr           46%        N/A       1%          4
Your spell library was empty.

Dungeon Overview and Level Annotations

Branches:
Dungeon (8/15)             Temple (1/1) D:6            Lair (0/5) D:8

Altars:
Ashenzari
Dithmenos
Gozag
Makhleb
Nemelex Xobeh
Trog
Wu Jian
Xom
Yredelemnul
The Shining One

Annotations:
D:6 Maggie


Innate Abilities, Weirdness & Mutations

You are immune to sickness and miasma.
You are immune to poison.
Your flesh is very heat resistant. (rF++)
You are vulnerable to cold. (rC-)
You float through the air rather than walking.
You learn spells naturally, not from books.
Your magical power is your life essence.
You have superior vitality. (+4 MHP)


Message History

The wight's fire resistance burns away.
Casting: Scorch (safe; 1% risk of failure)
Confirm with . or Enter, or press ? or * to list all spells.
Flames lash the wight.
The wight is burned terribly!
You destroy the wight!
Casting: Scorch (safe; 1% risk of failure)
Confirm with . or Enter, or press ? or * to list all spells.
Flames lash the wight.
The wight is burned terribly!
You destroy the wight!
Casting: Scorch (safe; 1% risk of failure)
Confirm with . or Enter, or press ? or * to list all spells.
You can't see any susceptible monsters within range! (Use Z to cast anyway.)
You hear the creaking of a very distant portcullis.
Items here: ))) [[[.
Things that are here:
a +0 short sword; a +0 robe A two-headed ogre comes into view.
It is wielding a +0 giant club and a +0 giant spiked club.
Casting: Scorch (safe; 1% risk of failure)
Confirm with . or Enter, or press ? or * to list all spells.
Flames lash the two-headed ogre.
The two-headed ogre shouts in stereo!
The two-headed ogre is lightly wounded.
The two-headed ogre's fire resistance burns away.
Casting: Scorch (safe; 1% risk of failure)
Confirm with . or Enter, or press ? or * to list all spells.
Flames lash the two-headed ogre.
The two-headed ogre is burned terribly!
The two-headed ogre is heavily wounded.
Casting: Scorch (safe; 1% risk of failure)
Confirm with . or Enter, or press ? or * to list all spells.
Flames lash the two-headed ogre.
The two-headed ogre is burned terribly!
The two-headed ogre is heavily wounded.
You hear the creaking of a very distant portcullis.
The two-headed ogre hits you with a +0 giant club!!
The two-headed ogre hits you with a +0 giant spiked club!!
Casting: Scorch (safe; 1% risk of failure)
Confirm with . or Enter, or press ? or * to list all spells.
Flames lash the two-headed ogre.
The two-headed ogre is burned terribly!
The two-headed ogre is almost dead.
The two-headed ogre hits you with a +0 giant club!!
You die...

.# .# .# .#
##.## ##...###
#.O#...#
#@..#.#
##.##.#
###.##.###
#........###.#
#....^.......#
######.#.#####
#.#.######
#.#....))#
#.######.#


You could see a two-headed ogre (combustible).

Vanquished Creatures
  Pikel (D:4)
  Grinder (D:6)
  A hornet (D:8)
  Menkaure (D:6)
  Edmund (D:6)
  Duvessa (D:7)
  A water moccasin (D:6)
  A sky beast (D:6)
  A centaur (D:6)
  2 ogres
  2 lemures (D:5)
  Blork the orc (D:6)
  A kobold brigand (D:7)
  2 bullfrogs
  A necrophage (D:6)
  5 scorpions
  7 wights
  Dowan (D:7)
  A jelly (D:6)
  2 orc priests
  3 iguanas
  Ijyb (D:5)
  2 orc wizards (D:6)
  6 gnolls (D:4)
  5 adders
  4 worms
  A dart slug (D:1)
  8 orcs
  7 endoplasms
  A giant cockroach (D:3)
  13 goblins
  9 hobgoblins
  3 jackals (D:1)
  A quokka (D:2)
  5 ball pythons
  5 bats
  6 frilled lizards
  10 kobolds
  3 rats
127 creatures vanquished.

Vanquished Creatures (others)
  413 foxfires
  3 plants (D:4)
416 creatures vanquished.

Grand Total: 543 creatures vanquished

Notes
Turn   | Place    | Note
-------+----------+-------------------------------------------
     0 | D:1      | funnyparkerb the Djinni Fire Elementalist began the quest
                  | for the Orb.
     0 | D:1      | funnyparkerb set off with the following spells memorised:
                  | Foxfire, Scorch, Conjure Flame, Inner Flame, Flame Wave.
     0 | D:1      | Reached XP level 1. HP: 15/15 MP: 0/0
   191 | D:1      | Reached XP level 2. HP: 18/22 MP: 0/0
   547 | D:1      | Reached skill level 1 in Fighting
   730 | D:1      | Reached XP level 3. HP: 14/27 MP: 0/0
   730 | D:1      | Learned a level 1 spell: Apportation
   876 | D:1      | Reached skill level 3 in Spellcasting
  1575 | D:2      | Reached XP level 4. HP: 23/32 MP: 0/0
  1747 | D:2      | Found a burning altar of Makhleb.
  2687 | D:3      | Found a faded altar of an unknown god.
  3204 | D:4      | Reached XP level 5. HP: 29/38 MP: 0/0
  3204 | D:4      | Learned a level 2 spell: Searing Ray
  3707 | D:4      | Reached skill level 4 in Spellcasting
  4285 | D:4      | Reached XP level 6. HP: 38/46 MP: 0/0
  4466 | D:5      | Entered Level 5 of the Dungeon
  4469 | D:5      | Found a sparkling altar of Nemelex Xobeh.
  4885 | D:5      | Noticed Pikel
  5146 | D:4      | Killed Pikel
  5147 | D:4      | Reached skill level 5 in Spellcasting
  5147 | D:4      | Reached XP level 7. HP: 21/53 MP: 0/0
  5147 | D:4      | Learned a level 2 spell: Blink
  5147 | D:4      | Reached XP level 8. HP: 23/58 MP: 0/0
  5633 | D:5      | Noticed Ijyb
  5661 | D:5      | Killed Ijyb
  6857 | D:5      | Reached skill level 6 in Spellcasting
  6919 | D:6      | Reached skill level 5 in Fighting
  7352 | D:6      | Reached XP level 9. HP: 61/66 MP: 0/0
  7352 | D:6      | Learned a level 4 spell: Animate Dead
  7380 | D:6      | Found a burning altar of Makhleb.
  7388 | D:6      | Reached skill level 7 in Spellcasting
  7467 | D:6      | Noticed Edmund
  7472 | D:6      | Killed Edmund
  7552 | D:6      | Found a glowing golden altar of the Shining One.
  7612 | D:6      | Found a staircase to the Ecumenical Temple.
  7644 | D:6      | Noticed Menkaure
  7650 | D:6      | Killed Menkaure
  7655 | Temple   | Entered the Ecumenical Temple
  7660 | Temple   | Became a worshipper of Ashenzari the Shackled
  7775 | D:6      | Noticed Blork the orc
  7780 | D:6      | Killed Blork the orc
  7867 | D:6      | Found a basalt altar of Yredelemnul.
  7869 | D:6      | Noticed Grinder
  7876 | D:6      | Killed Grinder
  7877 | D:6      | Reached skill level 8 in Spellcasting
  8023 | D:6      | Found a shimmering altar of Xom.
  8025 | D:6      | Found a shadowy altar of Dithmenos.
  8055 | D:6      | Found an opulent altar of Gozag.
  8135 | D:7      | Noticed Maggie
  8681 | D:7      | Noticed Duvessa
  8688 | D:7      | Killed Duvessa
  8688 | D:7      | Noticed Dowan
  8698 | D:7      | Killed Dowan
  8875 | D:7      | Found a bloodstained altar of Trog.
  9121 | D:8      | Noticed a hornet
  9124 | D:8      | Killed a hornet
  9125 | D:8      | Reached XP level 10. HP: 70/75 MP: 0/0
  9190 | D:8      | Found a staircase to the Lair.
  9372 | D:8      | Noticed a two-headed ogre
  9376 | D:8      | Slain by a two-headed ogre

Illustrated notes

Levels and vault maps discovered:
D:1:      spicycebolla_green_bress_n_ham_2, layout_rooms,
          corexii_item_surrounded_by_moat
D:2:      layout_rooms, basic_altar
D:3:      layout_loops_ring, basic_ecumenical_altar
D:4:      layout_rooms, minmay_misc_feat_room, minmay_statues_item,
          minmay_door_square, nicolae_zen_rock_garden
D:5:      layout_basic, lemuel_tele_altar, hangedman_decor_slide_cut,
          minmay_ogre_servants, uniq_ijyb, uniq_pikel
D:6:      layout_gridville, mainiacjoe_overflow_alcove_1,
          mainiacjoe_overflow_boulevard, chequers_temple_overflow_minitemple,
          temple_pool_b, uniq_grinder, uniq_edmund, uniq_menkaure,
          uniq_blork_the_orc
D:7:      layout_rooms, mainiacjoe_overflow_surrounded_room, uniq_maggie,
          uniq_duvessa
D:8:      layout_loops_ring, dpeg_oklobed_lair,
          ploomutoo_gammafunk_ghost_potion_laboratory, enter_bailey_5
Temple:   nicolae_temple_bog_church

Skill      XL: |  1  2  3  4  5  6  7  8  9 |
---------------+----------------------------+-----
Fighting       | 1 2 3 4 5 7 |  7.7
Spellcasting   | 3 4 5 6 8 |  8.9
Dodging        | |  2.1
Stealth        | |  1.5

Action                   |  1- 3 |  4- 6 |  7- 9 | 10-12 || total
-------------------------+-------+-------+-------+-------++-------
Melee: Dagger            |       |       |     1 |       ||     1
 Cast: Foxfire           |    58 |   105 |    85 |     2 ||   250
       Scorch            |     9 |    37 |    67 |    13 ||   126
       Conjure Flame     |       |     2 |     5 |     1 ||     8
       Inner Flame       |       |     2 |     1 |       ||     3
       Blink             |       |       |     2 |       ||     2
       Animate Dead      |       |       |     3 |       ||     3
       Searing Ray       |       |       |     1 |       ||     1
Evoke: Wand              |       |       |     2 |       ||     2
  Use: Scroll            |       |       |     6 |       ||     6
 Stab: Sleeping          |       |       |     1 |       ||     1
Armor: Robe              |     1 |     1 |     7 |       ||     9
Dodge: Dodged            |     1 |     8 |    31 |       ||    40
Block: Buckler           |       |     2 |     8 |       ||    10
